[ AOE2 MATCH · #459365873 ]
Team RMHindustanis vs Persians
[ REPLAY ANALYSIS · EXTRACTED FROM THE RECORDED GAME ]
Feudal
—
Castle
—
Imperial
—
| APM avg | 26.1 |
| APM peak | 107 |
| eAPM avg | 24.2 |
| Villagers / military | 50 / 53 |
Focus
⚔️ 5.2% · 🌾 94.8%
Camel Scout ×44 · Scout Cavalry ×5 · Petard ×4 · Trade Cart ×4
Feudal
—
Castle
—
Imperial
—
| APM avg | 20.7 |
| APM peak | 59 |
| eAPM avg | 13.9 |
| Villagers / military | 156 / 69 |
Focus
⚔️ 26.4% · 🌾 73.6%
Cavalry Archer ×69
Feudal
—
Castle
—
Imperial
—
| APM avg | 16.2 |
| APM peak | 63 |
| eAPM avg | 15.3 |
| Villagers / military | 61 / 67 |
Focus
⚔️ 10.4% · 🌾 89.6%
Militia ×29 · Spearman ×20 · Samurai ×13 · Archer ×5 · Trade Cart ×5
Feudal
—
Castle
—
Imperial
—
| APM avg | 13.9 |
| APM peak | 41 |
| eAPM avg | 9.6 |
| Villagers / military | 133 / 32 |
Focus
⚔️ 14.5% · 🌾 85.5%
Knight ×27 · Spearman ×3 · Monk ×2
Feudal
—
Castle
—
Imperial
—
| APM avg | 24.9 |
| APM peak | 84 |
| eAPM avg | 24.3 |
| Villagers / military | 60 / 88 |
Focus
⚔️ 7.6% · 🌾 92.4%
Spearman ×88
Feudal
—
Castle
—
Imperial
—
| APM avg | 35.3 |
| APM peak | 82 |
| eAPM avg | 16.9 |
| Villagers / military | 110 / 54 |
Focus
⚔️ 39.4% · 🌾 60.6%
Cavalry Archer ×33 · Monk ×6 · Knight ×6 · War Elephant ×6 · Skirmisher ×2 · Mangonel ×1
Feudal
—
Castle
—
Imperial
—
| APM avg | 34.1 |
| APM peak | 65 |
| eAPM avg | 23.0 |
| Villagers / military | 252 / 39 |
Focus
⚔️ 21.1% · 🌾 78.9%
Scorpion ×17 · Mangonel ×7 · Monk ×5 · Spearman ×5 · Battering Ram ×5
Feudal
—
Castle
—
Imperial
—
| APM avg | 7.5 |
| APM peak | 20 |
| eAPM avg | 5.7 |
| Villagers / military | 48 / 35 |
Focus
⚔️ 24.4% · 🌾 75.6%
Militia ×25 · Mangonel ×5 · Battering Ram ×5
Match map
Initial resources + every placement click. Lines = walls · curves = elevation contours. ◆ gold · ⬟ stone · ● berries · ✦ relic · ◌ wall gap
Your base· ✓ Closed at 24:33 · 43t walls · 3 gate(s)
无敌冲车大王's base· ✓ Closed at 15:04 · 0t walls · 3 gate(s)
iDrxck D's base· ✓ Closed at 27:45 · 23t walls · 2 gate(s)
Teamplay or i will f your base's base· ✓ Closed at 18:02 · 0t walls · 2 gate(s)
DePr3Dad0r's base· ✓ Closed at 22:54 · 0t walls · 2 gate(s)
MorlesJostar's base· ✓ Closed at 14:51 · 0t walls · 3 gate(s)
无敌辽刀大王's base· ✓ Closed at 12:49 · 0t walls · 2 gate(s)
xFUO SeRCh 11's base· ✓ Closed at 23:08 · 28t walls · 2 gate(s)
Smoothed initial terrain · ◌ = detected wall gap · hover for details
Inputs per minute
— Dorro9530 - - 无敌冲车大王
Build order — Dorro9530
First 150 of 301 actions detected
| 0:02 | Build | House |
| 0:03 | Build | House |
| 0:05 | Build | House |
| 0:38 | Create | Villager (Male) |
| 0:38 | Create | Villager (Male) |
| 0:38 | Create | Villager (Male) |
| 0:38 | Create | Villager (Male) |
| 0:39 | Create | Villager (Male) |
| 1:54 | Create | Villager (Male) |
| 2:56 | Create | Villager (Male) |
| 2:56 | Create | Villager (Male) |
| 2:57 | Create | Villager (Male) |
| 2:57 | Create | Villager (Male) |
| 4:37 | Build | Mill |
| 4:44 | Create | Villager (Male) ×5 |
| 5:08 | Create | Villager (Male) |
| 5:09 | Create | Villager (Male) |
| 6:56 | Build | House |
| 8:06 | Research | Loom |
| 8:13 | Create | Villager (Male) ×5 |
| 8:47 | Build | Lumber Camp |
| 9:44 | Create | Villager (Male) |
| 9:44 | Create | Villager (Male) |
| 9:44 | Create | Villager (Male) |
| 9:53 | Build | House |
| 10:30 | Build | Mining Camp |
| 10:38 | Research | Feudal Age |
| 11:18 | Build | Mining Camp |
| 11:53 | Build | Mining Camp |
| 13:01 | Build | Farm |
| 13:01 | Build | Farm |
| 13:01 | Build | Farm |
| 13:01 | Build | Farm |
| 13:01 | Build | Farm |
| 13:01 | Build | Farm |
| 13:01 | Build | Farm |
| 13:03 | Build | Farm |
| 13:03 | Create | Villager (Male) ×5 |
| 13:03 | Build | Farm |
| 13:03 | Build | Farm |
| 13:03 | Build | Farm |
| 13:03 | Build | Farm |
| 13:03 | Build | Farm |
| 13:03 | Build | Farm |
| 13:03 | Build | Farm |
| 13:03 | Build | Farm |
| 13:03 | Build | Farm |
| 13:03 | Build | Farm |
| 13:03 | Build | Farm |
| 13:28 | Build | Farm |
| 13:28 | Build | Farm |
| 13:28 | Build | Farm |
| 13:28 | Build | Farm |
| 13:28 | Build | Farm |
| 13:28 | Build | Farm |
| 13:28 | Build | Farm |
| 13:28 | Build | Farm |
| 13:28 | Build | Farm |
| 13:29 | Build | Farm |
| 13:29 | Build | Farm |
| 13:29 | Build | Farm |
| 13:29 | Build | Farm |
| 13:29 | Build | Farm |
| 13:30 | Build | Farm |
| 13:30 | Build | Farm |
| 13:30 | Build | Farm |
| 13:30 | Build | Farm |
| 13:30 | Build | Farm |
| 13:47 | Build | Farm |
| 13:47 | Build | Farm |
| 13:47 | Build | Farm |
| 13:47 | Build | Farm |
| 13:48 | Build | Farm |
| 13:48 | Build | Farm |
| 13:48 | Build | Farm |
| 13:48 | Build | Farm |
| 13:48 | Build | Farm |
| 14:10 | Build | House |
| 14:17 | Build | House |
| 14:51 | Build | Farm |
| 15:28 | Research | Wheelbarrow |
| 15:30 | Create | Villager (Male) ×5 |
| 16:06 | Build | Farm |
| 16:11 | Build | Farm |
| 16:11 | Build | Farm |
| 16:11 | Build | Farm |
| 16:11 | Build | Farm |
| 16:11 | Build | Farm |
| 16:11 | Build | Farm |
| 16:51 | Build | Stone Wall |
| 17:31 | Build | Stone Wall |
| 17:56 | Create | Villager (Male) |
| 17:56 | Create | Villager (Male) |
| 17:56 | Create | Villager (Male) |
| 18:11 | Build | Farm |
| 18:11 | Build | Farm |
| 18:11 | Build | Farm |
| 18:11 | Build | Farm |
| 18:11 | Build | Farm |
| 18:15 | Build | Mining Camp |
| 18:30 | Build | Mining Camp |
| 18:36 | Build | Farm |
| 18:36 | Build | Farm |
| 18:36 | Build | Farm |
| 18:36 | Build | Farm |
| 19:01 | Build | Farm |
| 19:27 | Build | Farm |
| 19:27 | Build | Farm |
| 19:28 | Build | Barracks |
| 20:16 | Build | Farm |
| 20:16 | Build | Farm |
| 20:16 | Build | Farm |
| 20:16 | Build | Farm |
| 20:16 | Build | Farm |
| 20:16 | Build | Farm |
| 20:17 | Build | Farm |
| 20:17 | Build | Farm |
| 20:17 | Build | Farm |
| 20:17 | Build | Farm |
| 20:17 | Build | Farm |
| 20:17 | Build | Farm |
| 20:17 | Build | Farm |
| 20:17 | Build | Farm |
| 20:17 | Build | Farm |
| 20:17 | Build | Farm |
| 20:17 | Build | Farm |
| 20:17 | Build | Farm |
| 20:17 | Build | Farm |
| 20:17 | Build | Farm |
| 20:17 | Build | Farm |
| 21:08 | Build | Stable |
| 21:41 | Research | Double-Bit Axe |
| 21:47 | Research | Horse Collar |
| 22:22 | Build | Stable |
| 22:29 | Create | Villager (Male) |
| 22:29 | Create | Villager (Male) |
| 23:08 | Research | Bloodlines |
| 23:11 | Create | Scout Cavalry ×5 |
| 23:19 | Build | Farm |
| 23:43 | Build | Blacksmith |
| 23:56 | Build | Stable |
| 24:07 | Build | Barracks |
| 24:09 | Build | Barracks |
| 24:33 | Research | Castle Age |
| 24:49 | Build | Market |
| 25:23 | Build | Stable |
| 25:47 | Build | Farm |
| 25:47 | Build | Farm |
| 25:47 | Build | Farm |
| 25:48 | Build | Farm |
Build order — 无敌冲车大王
First 150 of 360 actions detected
| 0:06 | Build | House |
| 0:06 | Create | Villager (Male) |
| 0:08 | Build | House |
| 0:13 | Build | House |
| 0:15 | Create | Villager (Male) |
| 0:15 | Create | Villager (Male) |
| 0:16 | Create | Villager (Male) |
| 0:21 | Build | House |
| 1:54 | Create | Villager (Male) |
| 2:11 | Create | Villager (Male) |
| 2:11 | Create | Villager (Male) |
| 2:41 | Create | Villager (Male) |
| 2:50 | Create | Villager (Male) |
| 2:50 | Create | Villager (Male) |
| 2:50 | Create | Villager (Male) |
| 3:44 | Create | Villager (Male) |
| 3:46 | Create | Villager (Male) |
| 4:26 | Build | Lumber Camp |
| 4:50 | Create | Villager (Male) |
| 4:51 | Create | Villager (Male) |
| 4:51 | Create | Villager (Male) |
| 5:33 | Create | Villager (Male) |
| 5:34 | Create | Villager (Male) |
| 5:45 | Build | House |
| 5:46 | Build | House |
| 5:58 | Create | Villager (Male) |
| 5:58 | Create | Villager (Male) |
| 6:32 | Build | House |
| 6:33 | Build | House |
| 6:53 | Create | Villager (Male) |
| 6:53 | Create | Villager (Male) |
| 7:24 | Create | Villager (Male) |
| 7:24 | Create | Villager (Male) |
| 7:24 | Create | Villager (Male) |
| 7:25 | Create | Villager (Male) |
| 7:39 | Create | Villager (Male) |
| 7:40 | Create | Villager (Male) |
| 8:18 | Build | Mining Camp |
| 8:34 | Build | Mill |
| 9:15 | Create | Villager (Male) |
| 9:15 | Create | Villager (Male) |
| 9:37 | Build | Farm |
| 9:42 | Build | Farm |
| 9:43 | Build | Farm |
| 9:45 | Build | Farm |
| 9:47 | Build | Farm |
| 9:49 | Build | Farm |
| 9:50 | Build | Farm |
| 9:51 | Build | Farm |
| 9:53 | Build | Farm |
| 9:56 | Build | Farm |
| 9:57 | Build | Farm |
| 9:59 | Build | Farm |
| 10:16 | Create | Villager (Male) |
| 10:47 | Research | Feudal Age |
| 11:51 | Create | Villager (Male) |
| 11:51 | Create | Villager (Male) |
| 11:52 | Create | Villager (Male) |
| 13:01 | Build | Farm |
| 13:09 | Build | Market |
| 13:19 | Build | Blacksmith |
| 14:14 | Build | House |
| 14:17 | Create | Villager (Male) |
| 14:25 | Build | House |
| 14:31 | Build | House |
| 14:32 | Build | House |
| 14:34 | Build | House |
| 14:35 | Build | House |
| 14:38 | Build | House |
| 14:41 | Build | House |
| 14:42 | Build | House |
| 14:44 | Build | House |
| 14:46 | Build | House |
| 14:52 | Build | House |
| 15:00 | Build | House |
| 15:02 | Create | Villager (Male) |
| 15:04 | Research | Castle Age |
| 15:04 | Research | Castle Age |
| 15:08 | Research | Double-Bit Axe |
| 16:20 | Research | Horse Collar |
| 16:22 | Research | Stone Mining |
| 17:08 | Build | Lumber Camp |
| 17:22 | Research | Gold Mining |
| 17:46 | Build | Town Center |
| 17:57 | Build | Town Center |
| 18:02 | Create | Villager (Male) |
| 18:07 | Build | Farm |
| 18:10 | Build | Farm |
| 18:12 | Build | Farm |
| 18:14 | Build | Farm |
| 18:22 | Create | Villager (Male) |
| 18:22 | Create | Villager (Male) |
| 18:27 | Create | Villager (Male) |
| 18:27 | Create | Villager (Male) |
| 18:27 | Create | Villager (Male) |
| 18:35 | Research | Bow Saw |
| 18:36 | Research | Heavy Plow |
| 18:44 | Create | Villager (Male) |
| 18:44 | Create | Villager (Male) |
| 18:54 | Create | Villager (Male) |
| 18:54 | Create | Villager (Male) |
| 19:03 | Build | Farm |
| 19:10 | Build | Farm |
| 19:12 | Build | Farm |
| 19:32 | Create | Villager (Male) |
| 19:39 | Build | Farm |
| 19:41 | Create | Villager (Male) |
| 19:42 | Create | Villager (Male) |
| 19:43 | Create | Villager (Male) |
| 19:43 | Create | Villager (Male) |
| 19:43 | Create | Villager (Male) |
| 19:53 | Build | Farm |
| 20:02 | Create | Villager (Male) |
| 20:02 | Create | Villager (Male) |
| 20:15 | Build | Farm |
| 20:18 | Create | Villager (Male) |
| 20:20 | Create | Villager (Male) |
| 20:51 | Build | House |
| 20:58 | Build | Farm |
| 20:59 | Create | Villager (Male) |
| 21:00 | Create | Villager (Male) |
| 21:04 | Build | Farm |
| 21:06 | Create | Villager (Male) |
| 21:06 | Create | Villager (Male) |
| 21:12 | Build | House |
| 21:13 | Create | Villager (Male) |
| 21:40 | Build | Town Center |
| 21:44 | Create | Villager (Male) |
| 21:45 | Create | Villager (Male) |
| 21:46 | Create | Villager (Male) |
| 21:54 | Build | House |
| 21:55 | Build | House |
| 21:59 | Build | House |
| 22:01 | Build | House |
| 22:02 | Build | House |
| 22:04 | Build | House |
| 22:06 | Create | Villager (Male) |
| 22:06 | Create | Villager (Male) |
| 22:06 | Create | Villager (Male) |
| 22:06 | Create | Villager (Male) |
| 22:24 | Create | Villager (Male) |
| 22:24 | Create | Villager (Male) |
| 22:27 | Create | Villager (Male) |
| 22:42 | Build | Town Center |
| 22:52 | Build | Town Center |
| 22:55 | Create | Villager (Male) |
| 22:56 | Create | Villager (Male) |
| 22:59 | Create | Villager (Male) |
| 23:03 | Create | Villager (Male) |
| 23:11 | Build | Farm |
Build order — iDrxck D
First 150 of 237 actions detected
| 0:04 | Create | Villager (Male) ×4 |
| 0:15 | Build | House |
| 0:18 | Build | House |
| 0:19 | Build | House |
| 1:42 | Build | House |
| 2:45 | Build | Lumber Camp |
| 3:45 | Create | Villager (Male) ×3 |
| 4:07 | Research | Loom |
| 5:16 | Create | Villager (Male) ×2 |
| 5:51 | Build | Mill |
| 6:22 | Create | Villager (Male) |
| 6:22 | Create | Villager (Male) |
| 6:23 | Create | Villager (Male) |
| 6:24 | Create | Villager (Male) |
| 7:16 | Create | Villager (Male) |
| 7:16 | Create | Villager (Male) |
| 8:26 | Create | Villager (Male) ×4 |
| 9:05 | Build | House |
| 9:10 | Build | House |
| 9:14 | Build | House |
| 9:16 | Build | House |
| 9:19 | Build | House |
| 9:22 | Build | House |
| 9:24 | Build | House |
| 10:31 | Research | Feudal Age |
| 11:20 | Build | Mining Camp |
| 11:30 | Build | Mining Camp |
| 11:52 | Build | Mining Camp |
| 12:01 | Build | Mining Camp |
| 12:16 | Create | Villager (Male) ×5 |
| 12:44 | Research | Wheelbarrow |
| 12:50 | Research | Double-Bit Axe |
| 12:57 | Research | Horse Collar |
| 13:33 | Research | Stone Mining |
| 13:38 | Research | Gold Mining |
| 13:55 | Create | Villager (Male) ×2 |
| 14:08 | Build | Mining Camp |
| 14:54 | Create | Villager (Male) |
| 15:00 | Create | Villager (Male) |
| 15:36 | Create | Villager (Male) |
| 16:30 | Build | Mill |
| 16:39 | Build | Farm |
| 16:39 | Build | Farm |
| 16:39 | Build | Farm |
| 16:39 | Build | Farm |
| 16:39 | Build | Farm |
| 16:39 | Build | Farm |
| 16:39 | Build | Farm |
| 16:39 | Build | Farm |
| 16:39 | Build | Farm |
| 16:39 | Build | Farm |
| 16:39 | Build | Farm |
| 16:39 | Build | Farm |
| 16:39 | Build | Farm |
| 16:39 | Build | Farm |
| 16:40 | Build | Farm |
| 16:40 | Build | Farm |
| 16:44 | Build | Farm |
| 16:44 | Build | Farm |
| 16:44 | Build | Farm |
| 16:44 | Build | Farm |
| 16:44 | Build | Farm |
| 16:44 | Build | Farm |
| 16:44 | Build | Farm |
| 16:46 | Build | Farm |
| 16:46 | Build | Farm |
| 16:46 | Build | Farm |
| 16:46 | Build | Farm |
| 16:46 | Build | Farm |
| 16:46 | Build | Farm |
| 16:46 | Build | Farm |
| 16:46 | Create | Villager (Male) |
| 16:47 | Create | Villager (Male) |
| 16:48 | Build | Farm |
| 16:48 | Build | Farm |
| 16:48 | Build | Farm |
| 16:48 | Build | Farm |
| 16:48 | Build | Farm |
| 16:48 | Build | Farm |
| 16:48 | Build | Farm |
| 16:48 | Build | Farm |
| 16:48 | Build | Farm |
| 16:49 | Build | Farm |
| 16:49 | Build | Farm |
| 16:49 | Build | Farm |
| 16:49 | Build | Farm |
| 17:05 | Build | Farm |
| 17:05 | Build | Farm |
| 17:05 | Build | Farm |
| 17:05 | Build | Farm |
| 17:05 | Build | Farm |
| 17:05 | Build | Farm |
| 17:05 | Build | Farm |
| 17:05 | Build | Farm |
| 17:28 | Create | Villager (Male) |
| 17:29 | Create | Villager (Male) |
| 17:30 | Create | Villager (Male) |
| 17:36 | Build | Farm |
| 18:01 | Build | Farm |
| 18:28 | Build | Farm |
| 18:28 | Build | Farm |
| 18:28 | Build | Farm |
| 18:28 | Build | Farm |
| 18:28 | Build | Farm |
| 18:28 | Build | Farm |
| 18:28 | Build | Farm |
| 18:28 | Build | Farm |
| 18:40 | Create | Villager (Male) ×5 |
| 18:51 | Build | Farm |
| 18:52 | Build | Farm |
| 19:57 | Build | Blacksmith |
| 20:33 | Build | Farm |
| 20:33 | Build | Farm |
| 20:33 | Build | Farm |
| 20:33 | Build | Farm |
| 20:33 | Build | Farm |
| 20:33 | Build | Farm |
| 20:40 | Build | Stone Wall |
| 20:52 | Create | Villager (Male) ×5 |
| 21:05 | Build | House |
| 21:10 | Build | House |
| 21:12 | Build | House |
| 21:15 | Build | House |
| 21:17 | Build | House |
| 21:24 | Research | Scale Barding Armor |
| 21:25 | Research | Forging |
| 21:25 | Research | Scale Mail Armor |
| 21:27 | Research | Fletching |
| 21:41 | Build | Barracks |
| 22:51 | Create | Villager (Male) ×5 |
| 23:06 | Build | Lumber Camp |
| 23:16 | Build | Archery Range |
| 24:17 | Build | Farm |
| 24:22 | Build | Farm |
| 24:31 | Create | Villager (Male) ×5 |
| 24:34 | Research | Town Watch |
| 25:03 | Create | Archer |
| 25:03 | Create | Archer |
| 25:04 | Create | Archer |
| 25:04 | Create | Archer |
| 25:05 | Create | Archer |
| 25:07 | Build | Farm |
| 25:12 | Create | Militia |
| 25:13 | Create | Militia |
| 25:13 | Build | Farm |
| 25:13 | Create | Militia |
| 25:14 | Create | Militia |
| 25:14 | Create | Militia |
| 25:17 | Research | Man-at-Arms (upgrade) |
| 25:54 | Build | Barracks |
Build order — Teamplay or i will f your base
First 150 of 235 actions detected
| 0:01 | Create | Villager (Male) |
| 0:01 | Create | Villager (Male) |
| 0:02 | Create | Villager (Male) |
| 0:02 | Create | Villager (Male) |
| 0:02 | Create | Villager (Male) |
| 0:04 | Build | House |
| 0:06 | Build | House |
| 0:09 | Build | House |
| 0:23 | Build | House |
| 0:38 | Research | Loom |
| 0:42 | Create | Villager (Male) |
| 0:42 | Create | Villager (Male) |
| 0:43 | Create | Villager (Male) |
| 2:07 | Create | Villager (Male) |
| 2:07 | Create | Villager (Male) |
| 2:07 | Create | Villager (Male) |
| 2:31 | Create | Villager (Male) |
| 2:32 | Create | Villager (Male) |
| 2:32 | Create | Villager (Male) |
| 2:57 | Create | Villager (Male) |
| 2:57 | Create | Villager (Male) |
| 3:22 | Create | Villager (Male) |
| 3:22 | Create | Villager (Male) |
| 3:22 | Create | Villager (Male) |
| 3:49 | Create | Villager (Male) |
| 3:49 | Create | Villager (Male) |
| 4:14 | Create | Villager (Male) |
| 4:15 | Create | Villager (Male) |
| 4:15 | Create | Villager (Male) |
| 4:40 | Create | Villager (Male) |
| 4:41 | Create | Villager (Male) |
| 4:41 | Create | Villager (Male) |
| 5:25 | Build | Lumber Camp |
| 5:53 | Create | Villager (Male) |
| 5:53 | Create | Villager (Male) |
| 6:21 | Create | Villager (Male) |
| 7:06 | Create | Villager (Male) |
| 7:06 | Create | Villager (Male) |
| 7:21 | Build | Mill |
| 7:47 | Create | Villager (Male) |
| 8:20 | Research | Feudal Age |
| 9:05 | Build | House |
| 9:06 | Build | House |
| 9:07 | Build | House |
| 9:09 | Build | House |
| 9:12 | Build | House |
| 9:14 | Build | House |
| 9:56 | Build | Mining Camp |
| 10:31 | Research | Wheelbarrow |
| 10:33 | Research | Double-Bit Axe |
| 11:04 | Build | Market |
| 11:14 | Build | Blacksmith |
| 11:22 | Research | Horse Collar |
| 11:23 | Create | Villager (Male) |
| 11:23 | Create | Villager (Male) |
| 11:24 | Create | Villager (Male) |
| 11:40 | Build | House |
| 11:41 | Build | House |
| 11:43 | Build | House |
| 11:44 | Build | House |
| 11:45 | Build | House |
| 11:47 | Build | House |
| 11:50 | Build | House |
| 11:51 | Build | House |
| 11:53 | Build | House |
| 12:08 | Create | Villager (Male) |
| 12:09 | Create | Villager (Male) |
| 12:48 | Create | Villager (Male) |
| 12:49 | Create | Villager (Male) |
| 13:02 | Build | Mining Camp |
| 13:06 | Create | Villager (Male) |
| 13:06 | Create | Villager (Male) |
| 13:28 | Create | Villager (Male) |
| 13:28 | Create | Villager (Male) |
| 13:44 | Build | Farm |
| 13:51 | Build | Farm |
| 14:00 | Build | Farm |
| 14:04 | Build | Farm |
| 14:07 | Build | Farm |
| 14:12 | Create | Villager (Male) |
| 14:12 | Create | Villager (Male) |
| 14:31 | Build | Farm |
| 14:34 | Create | Villager (Male) |
| 14:34 | Create | Villager (Male) |
| 14:35 | Create | Villager (Male) |
| 14:35 | Create | Villager (Male) |
| 14:52 | Build | Farm |
| 15:12 | Build | Farm |
| 15:30 | Build | House |
| 15:32 | Build | House |
| 15:35 | Build | House |
| 15:37 | Build | House |
| 15:39 | Build | House |
| 15:41 | Build | House |
| 15:42 | Build | House |
| 15:48 | Build | Farm |
| 15:52 | Create | Villager (Male) |
| 15:52 | Create | Villager (Male) |
| 15:53 | Create | Villager (Male) |
| 15:53 | Create | Villager (Male) |
| 16:12 | Build | Farm |
| 16:13 | Build | Farm |
| 16:28 | Build | Farm |
| 16:37 | Build | Farm |
| 17:33 | Create | Villager (Male) |
| 18:02 | Research | Castle Age |
| 18:31 | Build | Mining Camp |
| 18:39 | Build | Barracks |
| 19:59 | Research | Gold Mining |
| 20:01 | Research | Stone Mining |
| 20:09 | Build | Stable |
| 20:21 | Build | House |
| 20:21 | Build | House |
| 20:21 | Build | House |
| 20:22 | Build | House |
| 20:22 | Build | House |
| 20:22 | Build | House |
| 20:22 | Build | House |
| 20:23 | Build | House |
| 20:23 | Build | House |
| 20:23 | Build | House |
| 20:55 | Build | Castle |
| 21:07 | Create | Spearman |
| 21:08 | Create | Spearman |
| 21:08 | Create | Spearman |
| 21:20 | Build | Town Center |
| 21:26 | Create | Villager (Male) ×5 |
| 21:26 | Create | Villager (Male) ×5 |
| 21:42 | Research | Bow Saw |
| 22:31 | Build | House |
| 22:31 | Build | House |
| 22:32 | Build | House |
| 22:32 | Build | House |
| 22:32 | Build | House |
| 22:32 | Build | House |
| 22:33 | Build | House |
| 22:34 | Build | House |
| 22:35 | Build | House |
| 22:35 | Build | House |
| 22:35 | Build | House |
| 22:36 | Build | House |
| 22:47 | Research | Heavy Plow |
| 22:52 | Create | Villager (Male) |
| 22:52 | Create | Villager (Male) |
| 22:52 | Create | Villager (Male) |
| 22:52 | Create | Villager (Male) |
| 22:53 | Create | Villager (Male) |
| 22:53 | Create | Villager (Male) |
| 22:53 | Create | Villager (Male) |
| 22:54 | Create | Villager (Male) |
Build order — DePr3Dad0r
First 150 of 296 actions detected
| 0:05 | Build | House |
| 0:09 | Build | House |
| 0:16 | Build | House |
| 0:19 | Create | Villager (Male) ×4 |
| 0:19 | Create | Villager (Male) |
| 0:20 | Research | Loom |
| 2:03 | Create | Villager (Male) |
| 2:03 | Create | Villager (Male) |
| 2:55 | Create | Villager (Male) |
| 3:03 | Create | Villager (Male) |
| 3:46 | Create | Villager (Male) |
| 3:54 | Create | Villager (Male) |
| 4:37 | Create | Villager (Male) ×2 |
| 5:04 | Build | House |
| 5:11 | Create | Villager (Male) |
| 5:12 | Create | Villager (Male) |
| 5:36 | Create | Villager (Male) |
| 5:36 | Create | Villager (Male) |
| 5:46 | Create | Villager (Male) |
| 6:00 | Build | Lumber Camp |
| 6:03 | Create | Villager (Male) |
| 6:16 | Build | Mill |
| 6:25 | Create | Villager (Male) |
| 7:35 | Build | House |
| 7:49 | Build | House |
| 9:02 | Build | Mining Camp |
| 10:06 | Research | Feudal Age |
| 10:32 | Build | Barracks |
| 11:49 | Create | Villager (Male) |
| 11:50 | Create | Villager (Male) |
| 11:50 | Create | Villager (Male) |
| 12:12 | Build | House |
| 12:21 | Create | Villager (Male) |
| 12:21 | Create | Villager (Male) |
| 12:29 | Research | Double-Bit Axe |
| 12:58 | Build | Mining Camp |
| 14:01 | Create | Villager (Male) |
| 14:01 | Create | Villager (Male) |
| 14:01 | Create | Villager (Male) |
| 14:18 | Build | House |
| 14:29 | Build | House |
| 14:45 | Research | Wheelbarrow |
| 14:48 | Create | Villager (Male) |
| 14:50 | Create | Villager (Male) |
| 15:10 | Build | Farm |
| 15:10 | Build | Farm |
| 15:10 | Build | Farm |
| 15:10 | Build | Farm |
| 15:10 | Build | Farm |
| 15:10 | Build | Farm |
| 15:10 | Build | Farm |
| 15:10 | Build | Farm |
| 15:12 | Build | Farm |
| 15:12 | Build | Farm |
| 15:13 | Build | Farm |
| 15:13 | Build | Farm |
| 15:13 | Build | Farm |
| 15:13 | Build | Farm |
| 15:13 | Build | Farm |
| 15:15 | Build | Farm |
| 15:15 | Build | Farm |
| 15:15 | Build | Farm |
| 15:15 | Build | Farm |
| 15:15 | Build | Farm |
| 15:15 | Build | Farm |
| 15:15 | Build | Farm |
| 15:37 | Build | Farm |
| 15:59 | Create | Spearman |
| 15:59 | Create | Spearman |
| 16:33 | Build | House |
| 16:48 | Create | Spearman |
| 16:48 | Create | Spearman |
| 17:44 | Build | House |
| 17:46 | Build | Farm |
| 17:46 | Build | Farm |
| 17:46 | Build | Farm |
| 17:46 | Build | Farm |
| 17:46 | Build | Farm |
| 17:46 | Build | Farm |
| 17:46 | Build | Farm |
| 17:46 | Build | Farm |
| 17:46 | Build | Farm |
| 17:46 | Build | Farm |
| 17:47 | Build | House |
| 17:53 | Build | Farm |
| 17:53 | Build | Farm |
| 17:53 | Build | Farm |
| 17:53 | Build | Farm |
| 17:53 | Build | Farm |
| 17:53 | Build | Farm |
| 17:53 | Build | Farm |
| 17:53 | Build | Farm |
| 17:53 | Build | Farm |
| 17:53 | Build | Farm |
| 17:53 | Build | Farm |
| 17:53 | Build | Farm |
| 17:53 | Build | Farm |
| 17:53 | Build | Farm |
| 17:53 | Build | Farm |
| 17:53 | Build | Farm |
| 17:53 | Build | Farm |
| 17:53 | Build | Farm |
| 17:56 | Build | Farm |
| 17:56 | Build | Farm |
| 17:56 | Build | Farm |
| 17:56 | Build | Farm |
| 17:56 | Build | Farm |
| 17:56 | Build | Farm |
| 17:56 | Build | Farm |
| 17:57 | Build | Farm |
| 17:57 | Build | Farm |
| 17:57 | Build | Farm |
| 17:57 | Build | Farm |
| 17:57 | Build | Farm |
| 17:57 | Build | Farm |
| 17:57 | Build | Farm |
| 19:20 | Create | Villager (Male) |
| 19:20 | Create | Villager (Male) |
| 19:20 | Create | Villager (Male) |
| 19:21 | Create | Villager (Male) |
| 19:22 | Create | Villager (Male) |
| 19:29 | Create | Spearman |
| 19:29 | Create | Spearman |
| 19:29 | Create | Spearman |
| 19:30 | Create | Spearman |
| 19:31 | Create | Spearman |
| 19:45 | Build | Farm |
| 19:48 | Build | House |
| 19:52 | Build | House |
| 21:00 | Build | Farm |
| 21:14 | Create | Villager (Male) |
| 21:14 | Create | Villager (Male) |
| 21:32 | Build | Stable |
| 21:51 | Build | Market |
| 22:05 | Create | Villager (Male) |
| 22:54 | Build | Farm |
| 22:54 | Build | Farm |
| 22:54 | Build | Farm |
| 22:54 | Build | Farm |
| 22:54 | Build | Farm |
| 22:54 | Build | Farm |
| 22:54 | Build | Farm |
| 22:54 | Build | Farm |
| 22:54 | Build | Farm |
| 22:54 | Build | Farm |
| 22:54 | Build | Farm |
| 22:54 | Build | Farm |
| 22:54 | Research | Castle Age |
| 23:44 | Build | Farm |
| 23:44 | Build | Farm |
Build order — MorlesJostar
First 150 of 267 actions detected
| 0:04 | Build | House |
| 0:05 | Build | House |
| 0:08 | Create | Villager (Male) |
| 0:09 | Create | Villager (Male) |
| 0:09 | Create | Villager (Male) |
| 0:09 | Create | Villager (Male) |
| 0:09 | Create | Villager (Male) |
| 0:10 | Create | Villager (Male) |
| 1:31 | Create | Villager (Male) |
| 1:51 | Build | Lumber Camp |
| 2:06 | Create | Villager (Male) |
| 2:30 | Create | Villager (Male) |
| 3:08 | Create | Villager (Male) |
| 3:10 | Create | Villager (Male) |
| 3:22 | Build | House |
| 3:49 | Build | Mill |
| 4:07 | Create | Villager (Male) |
| 4:07 | Create | Villager (Male) |
| 4:07 | Create | Villager (Male) |
| 4:58 | Create | Villager (Male) |
| 5:09 | Create | Villager (Male) |
| 5:52 | Create | Villager (Male) |
| 5:52 | Create | Villager (Male) |
| 6:16 | Create | Villager (Male) |
| 6:16 | Create | Villager (Male) |
| 6:20 | Build | House |
| 6:29 | Research | Loom |
| 6:42 | Create | Villager (Male) |
| 7:21 | Create | Villager (Male) |
| 7:53 | Research | Feudal Age |
| 7:59 | Build | Mining Camp |
| 9:54 | Create | Villager (Male) |
| 9:55 | Create | Villager (Male) |
| 9:56 | Create | Villager (Male) |
| 11:04 | Build | House |
| 11:32 | Build | House |
| 11:36 | Create | Villager (Male) |
| 11:36 | Create | Villager (Male) |
| 12:03 | Build | House |
| 12:12 | Build | Blacksmith |
| 12:15 | Build | Market |
| 12:48 | Create | Villager (Male) |
| 13:13 | Research | Double-Bit Axe |
| 13:14 | Create | Villager (Male) |
| 13:23 | Research | Horse Collar |
| 13:36 | Create | Villager (Male) |
| 13:39 | Build | Mining Camp |
| 13:51 | Build | Farm |
| 13:52 | Build | Farm |
| 13:55 | Build | Farm |
| 13:56 | Build | Farm |
| 13:58 | Build | Farm |
| 13:59 | Build | Farm |
| 14:00 | Build | Farm |
| 14:01 | Build | Farm |
| 14:23 | Build | House |
| 14:51 | Research | Castle Age |
| 14:51 | Research | Castle Age |
| 14:55 | Build | Barracks |
| 16:25 | Build | Archery Range |
| 16:34 | Build | Archery Range |
| 16:59 | Create | Villager (Male) |
| 16:59 | Create | Villager (Male) |
| 17:21 | Build | Town Center |
| 17:35 | Build | House |
| 17:50 | Create | Villager (Male) |
| 18:11 | Build | Stable |
| 18:15 | Create | Villager (Male) |
| 18:18 | Create | Villager (Male) |
| 18:19 | Create | Villager (Male) |
| 18:27 | Create | Villager (Male) |
| 19:00 | Create | Villager (Male) |
| 19:00 | Create | Villager (Male) |
| 19:05 | Create | Knight |
| 19:05 | Create | Knight |
| 19:08 | Build | Monastery |
| 19:10 | Create | Villager (Male) |
| 19:11 | Create | Villager (Male) |
| 19:53 | Create | Villager (Male) |
| 19:53 | Create | Villager (Male) |
| 19:56 | Create | Skirmisher |
| 19:57 | Create | Skirmisher |
| 19:59 | Create | Monk |
| 19:59 | Create | Monk |
| 20:02 | Build | House |
| 20:20 | Create | Villager (Male) |
| 20:21 | Create | Villager (Male) |
| 20:22 | Create | Villager (Male) |
| 20:22 | Create | Villager (Male) |
| 20:44 | Research | Elite Skirmisher (upgrade) |
| 20:48 | Build | House |
| 21:25 | Build | House |
| 21:30 | Create | Villager (Male) |
| 21:30 | Create | Villager (Male) |
| 21:43 | Create | Villager (Male) |
| 21:43 | Create | Villager (Male) |
| 21:50 | Create | Knight |
| 21:51 | Create | Cavalry Archer |
| 21:52 | Create | Cavalry Archer |
| 21:59 | Build | House |
| 22:04 | Create | Villager (Male) |
| 22:05 | Create | Villager (Male) |
| 22:26 | Create | Cavalry Archer |
| 22:27 | Create | Knight |
| 23:39 | Create | Villager (Male) |
| 23:39 | Create | Villager (Male) |
| 23:40 | Create | Villager (Male) |
| 23:41 | Create | Villager (Male) |
| 23:48 | Build | Farm |
| 23:49 | Build | Farm |
| 23:52 | Build | Farm |
| 23:53 | Build | Farm |
| 23:54 | Build | Farm |
| 23:55 | Build | Farm |
| 23:56 | Build | Farm |
| 23:58 | Build | Farm |
| 23:59 | Build | Farm |
| 24:01 | Build | Farm |
| 24:04 | Create | Cavalry Archer |
| 24:04 | Create | Cavalry Archer |
| 24:15 | Create | Monk |
| 24:20 | Create | Villager (Male) |
| 24:20 | Create | Villager (Male) |
| 24:34 | Build | Castle |
| 24:40 | Build | House |
| 24:42 | Build | University |
| 24:45 | Create | Villager (Male) |
| 24:45 | Create | Villager (Male) |
| 24:51 | Create | Villager (Male) |
| 25:10 | Create | Monk |
| 25:16 | Create | Villager (Male) |
| 25:16 | Create | Villager (Male) |
| 25:34 | Build | House |
| 25:38 | Create | Villager (Male) |
| 25:39 | Create | Villager (Male) |
| 25:48 | Build | Town Center |
| 26:07 | Create | Cavalry Archer |
| 26:07 | Create | Cavalry Archer |
| 26:09 | Create | Knight |
| 26:09 | Create | Knight |
| 26:27 | Build | House |
| 26:29 | Create | Villager (Male) |
| 26:29 | Create | Villager (Male) |
| 26:31 | Create | Villager (Male) |
| 26:32 | Create | Villager (Male) |
| 26:36 | Build | Mining Camp |
| 26:56 | Build | Siege Workshop |
| 28:00 | Build | Mining Camp |
| 28:01 | Create | War Elephant |
| 28:02 | Create | War Elephant |
Build order — 无敌辽刀大王
First 150 of 454 actions detected
| 0:10 | Create | Villager (Male) |
| 0:11 | Create | Villager (Male) |
| 0:11 | Create | Villager (Male) |
| 0:11 | Create | Villager (Male) |
| 0:11 | Create | Villager (Male) |
| 0:11 | Create | Villager (Male) |
| 0:11 | Create | Villager (Male) |
| 0:11 | Create | Villager (Male) |
| 0:13 | Build | House |
| 0:14 | Build | House |
| 0:18 | Build | House |
| 0:21 | Build | House |
| 1:37 | Create | Villager (Male) |
| 1:38 | Create | Villager (Male) |
| 2:17 | Create | Villager (Male) |
| 2:17 | Create | Villager (Male) |
| 2:17 | Create | Villager (Male) |
| 2:40 | Build | Lumber Camp |
| 2:49 | Create | Villager (Male) |
| 2:50 | Create | Villager (Male) |
| 2:50 | Create | Villager (Male) |
| 3:07 | Create | Villager (Male) |
| 3:07 | Create | Villager (Male) |
| 3:39 | Create | Villager (Male) |
| 3:39 | Create | Villager (Male) |
| 4:06 | Create | Villager (Male) |
| 4:28 | Build | Mill |
| 4:50 | Create | Villager (Male) |
| 4:50 | Create | Villager (Male) |
| 5:19 | Create | Villager (Male) |
| 5:19 | Create | Villager (Male) |
| 5:44 | Create | Villager (Male) |
| 5:44 | Create | Villager (Male) |
| 5:51 | Create | Villager (Male) |
| 5:51 | Create | Villager (Male) |
| 6:11 | Create | Villager (Male) |
| 6:11 | Create | Villager (Male) |
| 6:12 | Create | Villager (Male) |
| 6:23 | Create | Villager (Male) |
| 6:24 | Create | Villager (Male) |
| 6:44 | Create | Villager (Male) |
| 6:44 | Create | Villager (Male) |
| 7:55 | Create | Villager (Male) |
| 8:00 | Create | Villager (Male) |
| 8:00 | Create | Villager (Male) |
| 8:46 | Research | Feudal Age |
| 9:12 | Build | Barracks |
| 10:20 | Create | Villager (Male) |
| 10:21 | Create | Villager (Male) |
| 10:30 | Build | House |
| 10:31 | Build | House |
| 11:23 | Build | Stable |
| 11:43 | Build | Blacksmith |
| 12:08 | Build | Market |
| 12:15 | Research | Double-Bit Axe |
| 12:49 | Research | Castle Age |
| 13:13 | Create | Spearman |
| 13:13 | Create | Spearman |
| 13:24 | Research | Forging |
| 13:41 | Create | Spearman |
| 15:06 | Create | Villager (Male) |
| 15:11 | Build | Farm |
| 15:11 | Build | Farm |
| 15:12 | Build | Farm |
| 15:12 | Build | Farm |
| 15:12 | Build | Farm |
| 15:24 | Build | Siege Workshop |
| 15:35 | Build | Siege Workshop |
| 15:41 | Build | Monastery |
| 16:16 | Build | Town Center |
| 16:36 | Build | House |
| 16:43 | Create | Villager (Male) |
| 16:43 | Create | Villager (Male) |
| 16:47 | Research | Horse Collar |
| 16:53 | Build | House |
| 16:54 | Build | House |
| 16:55 | Build | House |
| 16:56 | Build | House |
| 16:57 | Build | House |
| 17:52 | Build | Town Center |
| 18:04 | Research | Bow Saw |
| 18:04 | Research | Bow Saw |
| 18:04 | Research | Bow Saw |
| 19:27 | Create | Villager (Male) |
| 19:27 | Create | Villager (Male) |
| 19:27 | Create | Villager (Male) |
| 19:28 | Create | Villager (Male) |
| 19:31 | Build | Farm |
| 19:31 | Build | Farm |
| 19:39 | Create | Villager (Male) |
| 19:39 | Create | Villager (Male) |
| 19:52 | Research | Loom |
| 20:04 | Create | Villager (Male) |
| 20:05 | Create | Villager (Male) |
| 20:15 | Build | Farm |
| 20:15 | Build | Farm |
| 20:20 | Create | Scorpion |
| 20:20 | Create | Scorpion |
| 20:31 | Create | Villager (Male) |
| 20:31 | Create | Villager (Male) |
| 20:31 | Create | Villager (Male) |
| 20:33 | Create | Scorpion |
| 20:33 | Create | Scorpion |
| 20:53 | Create | Scorpion |
| 20:57 | Create | Villager (Male) |
| 20:57 | Create | Villager (Male) |
| 20:57 | Create | Villager (Male) |
| 20:57 | Create | Villager (Male) |
| 21:05 | Create | Monk |
| 21:06 | Create | Monk |
| 21:21 | Build | Farm |
| 21:21 | Build | Farm |
| 21:22 | Build | Farm |
| 21:25 | Create | Spearman |
| 21:25 | Create | Spearman |
| 21:35 | Create | Villager (Male) |
| 21:35 | Create | Villager (Male) |
| 21:35 | Create | Villager (Male) |
| 21:45 | Create | Scorpion |
| 21:51 | Create | Villager (Male) |
| 21:51 | Create | Villager (Male) |
| 21:56 | Create | Villager (Male) |
| 21:56 | Create | Villager (Male) |
| 22:06 | Create | Monk |
| 22:18 | Build | Mining Camp |
| 22:21 | Build | Mining Camp |
| 22:26 | Create | Villager (Male) |
| 22:26 | Create | Villager (Male) |
| 22:26 | Create | Villager (Male) |
| 22:34 | Create | Battering Ram |
| 22:48 | Create | Villager (Male) |
| 22:48 | Create | Villager (Male) |
| 22:49 | Create | Villager (Male) |
| 22:57 | Build | Mining Camp |
| 23:05 | Create | Villager (Male) |
| 23:05 | Create | Villager (Male) |
| 23:05 | Create | Villager (Male) |
| 23:10 | Create | Mangonel |
| 23:21 | Create | Villager (Male) |
| 23:22 | Create | Villager (Male) |
| 23:37 | Build | Farm |
| 23:38 | Build | Farm |
| 23:38 | Build | Farm |
| 23:38 | Build | Farm |
| 23:40 | Build | Farm |
| 23:40 | Build | Farm |
| 23:40 | Build | Farm |
| 23:44 | Create | Villager (Male) |
| 23:44 | Create | Villager (Male) |
| 23:44 | Create | Villager (Male) |
Build order — xFUO SeRCh 11
First 150 of 164 actions detected
| 0:04 | Research | Loom |
| 0:05 | Create | Villager (Male) ×4 |
| 0:09 | Build | House |
| 0:12 | Build | House |
| 0:17 | Build | House |
| 1:51 | Create | Villager (Male) |
| 3:09 | Create | Villager (Male) |
| 3:09 | Create | Villager (Male) |
| 3:09 | Create | Villager (Male) |
| 3:09 | Create | Villager (Male) |
| 4:17 | Create | Villager (Male) |
| 4:17 | Create | Villager (Male) |
| 5:09 | Build | Mill |
| 5:14 | Create | Villager (Male) |
| 5:14 | Create | Villager (Male) |
| 6:10 | Create | Villager (Male) |
| 6:10 | Create | Villager (Male) |
| 6:48 | Build | Mining Camp |
| 6:56 | Create | Villager (Male) |
| 6:57 | Create | Villager (Male) |
| 7:28 | Build | Lumber Camp |
| 7:39 | Build | Mining Camp |
| 7:51 | Create | Villager (Male) |
| 7:51 | Create | Villager (Male) |
| 7:52 | Create | Villager (Male) |
| 7:59 | Build | House |
| 9:18 | Create | Villager (Male) ×5 |
| 9:34 | Build | House |
| 9:35 | Build | House |
| 9:38 | Build | House |
| 9:39 | Build | House |
| 9:42 | Build | House |
| 9:46 | Build | House |
| 9:47 | Build | House |
| 9:50 | Build | House |
| 9:57 | Create | Villager (Male) |
| 9:57 | Create | Villager (Male) |
| 11:01 | Create | Villager (Male) |
| 12:26 | Research | Feudal Age |
| 13:21 | Build | Mill |
| 14:06 | Build | House |
| 14:07 | Build | House |
| 14:11 | Build | House |
| 14:12 | Build | House |
| 14:14 | Build | House |
| 14:41 | Build | Farm |
| 14:43 | Build | Farm |
| 14:46 | Build | Farm |
| 14:49 | Build | Farm |
| 14:52 | Build | Farm |
| 14:54 | Build | Farm |
| 15:17 | Research | Wheelbarrow |
| 15:23 | Research | Double-Bit Axe |
| 15:33 | Build | Farm |
| 15:37 | Build | Farm |
| 15:39 | Build | Farm |
| 15:42 | Build | Farm |
| 15:46 | Build | Farm |
| 15:47 | Build | Farm |
| 15:50 | Build | Farm |
| 15:52 | Build | Farm |
| 15:53 | Build | Farm |
| 15:56 | Build | Farm |
| 16:16 | Research | Stone Mining |
| 16:22 | Research | Gold Mining |
| 16:55 | Build | Lumber Camp |
| 17:03 | Create | Villager (Male) ×5 |
| 17:25 | Build | House |
| 17:29 | Build | House |
| 17:30 | Build | House |
| 17:40 | Build | House |
| 17:43 | Build | House |
| 17:44 | Build | House |
| 17:45 | Build | House |
| 17:47 | Build | House |
| 17:52 | Build | House |
| 18:13 | Build | Stone Wall |
| 18:25 | Build | Stone Wall |
| 18:47 | Build | Stone Wall |
| 19:35 | Build | Stone Wall |
| 19:55 | Build | Stone Wall |
| 20:05 | Create | Villager (Male) ×5 |
| 20:29 | Research | Horse Collar |
| 21:37 | Build | Market |
| 21:42 | Build | Blacksmith |
| 22:03 | Build | House |
| 22:07 | Build | House |
| 22:12 | Build | House |
| 22:15 | Build | House |
| 22:17 | Build | House |
| 22:18 | Build | House |
| 22:20 | Build | House |
| 22:54 | Build | Lumber Camp |
| 23:08 | Research | Castle Age |
| 25:50 | Build | Siege Workshop |
| 25:56 | Build | Siege Workshop |
| 26:03 | Build | Siege Workshop |
| 26:26 | Create | Mangonel |
| 26:26 | Create | Mangonel |
| 26:27 | Create | Mangonel |
| 26:29 | Create | Mangonel |
| 26:30 | Create | Mangonel |
| 26:42 | Build | Town Center |
| 26:53 | Build | Town Center |
| 27:52 | Build | Barracks |
| 27:53 | Build | Barracks |
| 27:53 | Build | Barracks |
| 27:54 | Build | Barracks |
| 29:27 | Build | Town Center |
| 29:34 | Research | Hand Cart |
| 29:42 | Research | Bow Saw |
| 30:08 | Build | Lumber Camp |
| 31:35 | Research | Hand Cart |
| 31:46 | Research | Forging |
| 31:47 | Research | Scale Mail Armor |
| 32:07 | Build | Barracks |
| 32:08 | Build | Barracks |
| 32:11 | Build | Barracks |
| 32:27 | Build | Lumber Camp |
| 32:39 | Create | Villager (Male) ×5 |
| 33:00 | Build | Barracks |
| 33:01 | Build | Barracks |
| 33:08 | Research | Iron Casting |
| 33:39 | Research | Gold Shaft Mining |
| 33:49 | Build | Barracks |
| 33:51 | Build | Barracks |
| 33:54 | Build | Barracks |
| 34:27 | Build | Farm |
| 34:28 | Build | Farm |
| 34:30 | Build | Farm |
| 34:31 | Build | Farm |
| 34:52 | Research | Chain Mail Armor |
| 35:07 | Create | Villager (Male) ×5 |
| 35:17 | Build | Farm |
| 35:18 | Build | Farm |
| 35:23 | Build | Farm |
| 35:24 | Build | Farm |
| 35:26 | Build | Farm |
| 35:28 | Build | Farm |
| 35:29 | Build | Farm |
| 35:34 | Build | Farm |
| 35:46 | Research | Man-at-Arms (upgrade) |
| 35:49 | Research | Gambesons |
| 36:16 | Build | Siege Workshop |
| 36:20 | Build | Siege Workshop |
| 36:23 | Build | Siege Workshop |
| 36:25 | Build | Siege Workshop |
| 36:36 | Build | Farm |
| 36:43 | Build | Farm |
| 36:50 | Build | Farm |
Match timeline
| 9:12 | 无敌辽刀大王 · first_building Barracks |
| 10:32 | DePr3Dad0r · first_building Barracks |
| 11:23 | 无敌辽刀大王 · first_building Stable |
| 12:48 | 无敌辽刀大王 · first_market_sell 100 wood |
| 14:33 | MorlesJostar · first_market_buy 100 food |
| 14:55 | MorlesJostar · first_building Barracks |
| 15:24 | 无敌辽刀大王 · first_building Siege Workshop |
| 15:41 | 无敌辽刀大王 · first_building Monastery |
| 16:25 | MorlesJostar · first_building Archery Range |
| 16:51 | Dorro9530 · wall_segment Stone Wall x24 |
| 17:20 | Teamplay or i will f your base · first_market_sell 100 stone |
| 17:22 | Teamplay or i will f your base · first_market_buy 100 food |
| 17:31 | Dorro9530 · wall_segment Stone Wall x20 |
| 18:11 | MorlesJostar · first_building Stable |
| 18:13 | xFUO SeRCh 11 · wall_segment Stone Wall x3 |
| 18:25 | xFUO SeRCh 11 · wall_segment Stone Wall x2 |
| 18:39 | Teamplay or i will f your base · first_building Barracks |
| 18:47 | xFUO SeRCh 11 · wall_segment Stone Wall x12 |
| 19:08 | MorlesJostar · first_building Monastery |
| 19:28 | Dorro9530 · first_building Barracks |
| 19:35 | xFUO SeRCh 11 · wall_segment Stone Wall x2 |
| 19:55 | xFUO SeRCh 11 · wall_segment Stone Wall x12 |
| 20:09 | Teamplay or i will f your base · first_building Stable |
| 20:40 | iDrxck D · wall_segment Stone Wall x23 |
| 20:55 | Teamplay or i will f your base · first_building Castle |
| 21:08 | Dorro9530 · first_building Stable |
| 21:32 | DePr3Dad0r · first_building Stable |
| 21:41 | iDrxck D · first_building Barracks |
| 23:16 | iDrxck D · first_building Archery Range |
| 24:16 | 无敌冲车大王 · first_building Barracks |
| 24:34 | MorlesJostar · first_building Castle |
| 25:32 | 无敌冲车大王 · first_building Castle |
| 25:48 | 无敌冲车大王 · first_building Stable |
| 25:50 | 无敌冲车大王 · first_building Archery Range |
| 25:50 | xFUO SeRCh 11 · first_building Siege Workshop |
| 26:02 | DePr3Dad0r · first_building Castle |
| 26:03 | 无敌冲车大王 · first_building Siege Workshop |
| 26:56 | MorlesJostar · first_building Siege Workshop |
| 27:13 | Teamplay or i will f your base · first_building Monastery |
| 27:52 | xFUO SeRCh 11 · first_building Barracks |
| 29:14 | DePr3Dad0r · first_market_buy 100 wood |
| 30:50 | iDrxck D · first_building Castle |
| 32:43 | Dorro9530 · first_building Castle |
| 33:57 | Dorro9530 · first_building Monastery |
| 35:29 | iDrxck D · first_market_sell 500 wood |
| 35:33 | iDrxck D · first_market_buy 500 food |
| 38:18 | 无敌辽刀大王 · first_building Archery Range |
| 38:35 | Dorro9530 · first_market_sell 500 wood |
| 39:24 | 无敌辽刀大王 · wall_segment Stone Wall x27 |
| 39:37 | Dorro9530 · resign |
[ AI ANALYSIS · 1 CREDIT ]
What really happened in this match?
Wolo.gg analyzes every decision: build order, eco, micro, common mistakes by bracket. Personalized analysis on WhatsApp or Discord in 30 seconds.
Civ guide
Hindustanis
Map guide
Arena
Perfil
Dorro9530